 Dungeon Crawl Stone Soup version 0.30-a0-394-g3e4acdb0ae (webtiles) character file.

Game seed: 13209041844313255187

31 flotson the Sneak (level 3, 0/29 HPs)
             Began as a Demonspawn Delver on Dec 7, 2022.
             Succumbed to an adder's poison
             ... on level 4 of the Dungeon.
             The game lasted 00:00:48 (146 turns).

flotson the Sneak (Demonspawn Delver)                Turns: 146, Time: 00:00:49

Health: 0/29       AC:  3    Str: 14    XL:     3   Next: 7%
Magic:  3/3        EV: 12    Int: 11    God:
Gold:   0          SH:  0    Dex: 14    Spells: 2/2 levels left

rFire   . . .      SeeInvis .    a - +0 hand axe
rCold   . . .      Faith    .    (no shield)
rNeg    . . .      Spirit   .    b - +0 leather armour
rPois   .          Reflect  .    (helmet restricted)
rElec   .          Harm     .    (no cloak)
rCorr   .          Rampage  .    (no gloves)
Will    .....                    (no boots)
Stlth   +++.......               (no amulet)
HPRegen 0.24/turn                (no ring)
MPRegen 0.08/turn                (no ring)

@: lethally poisoned (0 -> -11)
A: antennae 1
a: no special abilities


You were on level 4 of the Dungeon.
You visited 1 branch of the dungeon, and saw 2 of its levels.

Inventory:

Hand Weapons
 a - a +0 hand axe (weapon)
Armour
 b - a +0 leather armour (worn)
Wands
 g - a wand of digging (3)
Scrolls
 c - a scroll of fog


   Skills:
 + Level 3.2 Fighting
 - Level 1.7 Axes
 + Level 0.8 Armour
 + Level 2.1 Dodging
 + Level 4.7 Stealth
 + Level 1.0 Evocations


You had 2 spell levels left.
You didn't know any spells.
Your spell library was empty.

Dungeon Overview and Level Annotations

Branches:
Dungeon (5/15)
 Temple: D:4-7

Altars:


Innate Abilities, Weirdness & Mutations

You have a pair of small antennae on your head.


Message History

The ball python constricts you.
You escape the ball python's grasp.
The adder bites you but does no damage.
The ball python hisses angrily.
You hit the ball python.
You kill the ball python!
You hit the adder. The adder barely misses you.
The adder attacks as you move away! The adder closely misses you. x2
You see here a ball python corpse.
As you read the scroll of magic mapping, it crumbles to dust.
You feel aware of your surroundings.
You sensed 1 altar.
The adder bites you.
You are poisoned.
The adder poisons you!
You closely miss the adder.
The adder is lightly wounded.
You feel sick. The adder closely misses you. The adder barely misses you.
You barely miss the adder.
The adder is lightly wounded.
You feel sick. The adder bites you.
You miss the adder.
The adder is lightly wounded.
You feel sick. The adder bites you.
You are more poisoned.
The adder poisons you! The adder closely misses you.
You barely miss the adder.
The adder is lightly wounded.
You feel sick. The adder bites you.
You are lethally poisoned!
The adder poisons you!
You hit the adder.
The adder is heavily wounded.
* * * LOW HITPOINT WARNING * * *
You feel very sick. The adder bites you.
* * * LOW HITPOINT WARNING * * *
You are more poisoned.
The adder poisons you! The adder closely misses you.
You aren't carrying any potions.
You closely miss the adder.
The adder is heavily wounded.
You die...

,** ###...........#***,,
,,** #..............,,,,,
,,,* *#.............,,,,,
,,<** *#............,,,,*
**,,* *#...>.......,,,**
**,,** ##..........,,**
***,,* ###.........,,***
* *,,**
#####SSW........*,,,* *
**,,*
****#...@#########..***,,
*,,***....##### *,,#* ***
**,,,,#**** *,,* *
**,,**** **,** * **,,**
***,,******* **,,**
**,,,,,,,,,,* *,,**
**,,,,,,,,,,,, ,,**
**,,,,,,,,,,,,, ,,**
*,,,,,,,,,,,,,,


You could see a phantom, an adder and a ball python.

Vanquished Creatures
  A hound (D:5)
  A ball python (D:4)
2 creatures vanquished.

Notes
Turn   | Place    | Note
-------+----------+-------------------------------------------
     0 | D:5      | flotson the Demonspawn Delver began the quest for the Orb.
     0 | D:5      | Reached XP level 1. HP: 18/18 MP: 1/1
    21 | D:5      | Noticed a hound
    37 | D:5      | Killed a hound
    38 | D:5      | Reached skill level 1 in Evocations
    38 | D:5      | Gained mutation: You have a pair of small antennae on your
                  | head. [demonic ancestry]
    38 | D:5      | Reached XP level 2. HP: 4/24 MP: 2/2
    38 | D:5      | Reached XP level 3. HP: 4/29 MP: 3/3
    57 | D:5      | Noticed a bullfrog
   111 | D:5      | Noticed a phantom
   146 | D:4      | Succumbed to an adder's poison

Illustrated notes

Levels and vault maps discovered:
D:4:      layout_cave_pods, nicolae_elyvilon_temple_path, uniq_robin
D:5:      layout_rooms, zin_statuary, minmay_temple_entry_gardened_gates,
          uniq_grinder, uniq_eustachio

Skill      XL: |  1 |
---------------+----+-----
Dodging        | 2 |  2.1
Evocations     | 1 |  1.0
Fighting       | |  3.2
Axes           | |  1.7
Armour         | |  0.8
Stealth        | |  4.7

Action                   || total
-------------------------++-------
Melee: Hand axe          ||    20
  Use: Potion            ||     1
       Scroll            ||     2
 Stab: Sleeping          ||     1
Armor: Leather armour    ||     3
Dodge: Dodged            ||    22

Table legend: (Time is in decaauts)
 A = Elapsed time spent in this place.
 B = Non-inter-level travel time spent in this place.
 C = Inter-level travel time spent in this place.
 D = Time resting spent in this place.
 E = Time spent auto-exploring this place.
 F = Levels seen in this place.
 G = Mean time per level.
                   A        B        C        D        E       F      G
               +--------+--------+--------+--------+--------+-----+--------+
         Total |    133 |    123 |     10 |     48 |     21 |   2 |   66.5 |
       Dungeon |    133 |    123 |     10 |     48 |     21 |   2 |   66.5 |
               +--------+--------+--------+--------+--------+-----+--------+

Top non-repeatable levels by time:
     D:5: 117 daAuts
     D:4: 16 daAuts
